 Dungeon Crawl Stone Soup version 0.19.1-1-g22dce08 (console) character file.

72 Lahna the Sneak (level 4, -9/21 HPs)
             Began as a Spriggan Enchanter on Jan 13, 2017.
             Mangled by an ogre
             ... wielding a +0 giant club
              (15 damage)
             ... on level 4 of the Dungeon.
             The game lasted 00:08:19 (2712 turns).

Lahna the Sneak (Spriggan Enchanter)                Turns: 2712, Time: 00:08:19

Health: -9/21      AC:  3    Str:  4    XL:     4   Next: 6%
Magic:  9/9        EV: 18    Int: 17    God:
Gold:   99         SH:  0    Dex: 16    Spells: 2 memorised, 5 levels left

rFire  . . .     SeeInvis +     a - +1 dagger
rCold  . . .     Gourm    +     b - +1 robe
rNeg   . . .     Faith    .     (shield restricted)
rPois  .         Spirit   .     (helmet restricted)
rElec  .         Reflect  .     (no cloak)
rCorr  .         Harm     .     (gloves unavailable)
MR     .....                    (boots unavailable)
Stlth  ++++......               m - amulet of the gourmand
                                s - ring of flight
                                (no ring)

@: very quick
A: unfitting armour, see invisible, herbivore 3, speed 3, slow metabolism 2
a: Evoke Flight


You were on level 4 of the Dungeon.
You were not hungry.

You visited 1 branch of the dungeon, and saw 4 of its levels.

You collected 99 gold pieces.

Inventory:

Hand Weapons
 a - a +1 dagger (weapon)
Armour
 b - a +1 robe (worn)
Jewellery
 m - an amulet of the gourmand (around neck)
 s - a ring of flight (right hand)
Wands
 l - a wand of teleportation (2/9)
Scrolls
 o - a scroll of magic mapping {unknown}
 r - a scroll of recharging {unknown}
Potions
 h - 2 potions of degeneration
 j - 2 potions of curing {unknown}
 k - a potion of agility {unknown}
 n - a potion of magic
 p - a potion of flight {unknown}
 q - a potion of invisibility {unknown}
Books
 c - a book of Maledictions

   Spells                             Type                      Level
   a - Corona                         Hexes                        1
   b - Ensorcelled Hibernation        Hexes/Ice                    2
   c - Confuse                        Hexes                        3
   d - Tukima's Dance                 Hexes                        3
   e - Dazzling Spray                 Conjuration/Hexes            3
 e - a book of Cantrips

   Spells                             Type                      Level
   a - Confusing Touch                Hexes                        1
   b - Animate Skeleton               Necromancy                   1
   c - Summon Small Mammal            Summoning                    1
   d - Apportation                    Translocation                1
Comestibles
 d - 2 bread rations


   Skills:
 * Level 0.2 Fighting
 + Level 2.3 Short Blades
 - Level 3.0 Dodging
 + Level 6.8 Stealth
 - Level 2.6 Spellcasting
 + Level 3.6 Hexes


You had 5 spell levels left.
You knew the following spells:

 Your Spells              Type           Power        Failure   Level  Hunger
a - Corona                Hex            ##.....      4%          1    #......
b - Ensorcelled Hibernat  Hex/Ice        #.....       17%         2    ##.....


Dungeon Overview and Level Annotations

Branches:
Dungeon (4/15)
 Temple: D:4-7

Altars:
Yredelemnul
Beogh


Innate Abilities, Weirdness & Mutations

You are very small and have problems with some larger weapons.
You are too small for most types of armour.
You have supernaturally acute eyesight. (SInv)
You are a herbivore.
You cover ground extremely quickly.
You need consume almost no food.


Message History

The ogre is heavily wounded.
The ogre misses you.
You can't go up here!
The ogre completely misses you. The ogre closely misses you.
You hit the ogre.
The ogre is heavily wounded.
You hit the ogre.
The ogre is severely wounded.
The ogre barely misses you.
You hit the ogre.
The ogre is almost dead.
The ogre misses you.
You hit the ogre but do no damage.
The ogre is almost dead.
You barely miss the ogre.
The ogre is almost dead.
The ogre hits you with a giant club!
Ouch! That really hurt!
You die...

#. #.......#
#.
###O.##....
# #..##....
#........
####.###....
#...........
#.##.##.####
#O##.# #
#@##.#
######


You could see an ogre.

Vanquished Creatures
  3 adders
  An ooze (D:3)
  2 orcs (D:3)
  3 bats
  3 giant cockroaches
  5 goblins
  3 hobgoblins
  6 frilled lizards (D:1)
  8 kobolds
  6 rats
40 creatures vanquished.

Notes
Turn   | Place    | Note
-------+----------+-------------------------------------------
     0 | D:1      | Lahna the Spriggan Enchanter began the quest for the Orb.
     0 | D:1      | Reached XP level 1. HP: 9/9 MP: 5/5
   202 | D:1      | Reached skill level 5 in Stealth
   324 | D:1      | Reached XP level 2. HP: 9/13 MP: 6/6
  1027 | D:2      | Reached skill level 6 in Stealth
  1027 | D:2      | Reached XP level 3. HP: 16/16 MP: 8/8
  1035 | D:2      | Learned a level 2 spell: Ensorcelled Hibernation
  1180 | D:2      | Found a basalt altar of Yredelemnul.
  1956 | D:3      | Noticed an ogre
  2169 | D:3      | Reached XP level 4. HP: 21/21 MP: 9/9
  2189 | D:3      | Found a roughly hewn altar of Beogh.
  2263 | D:3      | HP: 1/21 [orc wizard/magic dart (3)]
  2712 | D:4      | Mangled by an ogre

Skill      XL: |  1  2  3 |
---------------+----------+-----
Stealth        | 5 6 |  6.8
Short Blades   | 2 |  2.3
Fighting       | |  0.2
Dodging        | |  3.0
Spellcasting   | |  2.6
Hexes          | |  3.6

Action                   |  1- 3 |  4- 6 || total
-------------------------+-------+-------++-------
Melee: Dagger            |   149 |    26 ||   175
 Cast: Ensorcelled Hiber |     4 |     5 ||     9
  Use: Scroll            |     3 |       ||     3
       Potion            |     2 |     1 ||     3
 Stab: Sleeping          |    16 |     2 ||    18
Armor: Robe              |    21 |       ||    21
Dodge: Dodged            |   110 |    19 ||   129
